 Dungeon Crawl Stone Soup version 0.32-a0-485-g70f7560b1c (webtiles) character file.

Game seed: 517491622847319128

2 FireWizard44 the Firebug (level 1, -2/10 HPs)
             Began as a Tengu Fire Elementalist on Feb 27, 2024.
             Slain by a kobold
             ... wielding a +0 whip
              (5 damage)
             ... on level 1 of the Dungeon.
             The game lasted 00:01:36 (138 turns).

FireWizard44 the Firebug (Tengu Fire Elementalist)   Turns: 138, Time: 00:01:41

Health: -2/10      AC:  3    Str:  8    XL:     1   Next: 30%
Magic:  4/4        EV: 12    Int: 15    God:
Gold:   24         SH:  0    Dex: 14    Spells: 3/4 levels left

rFire   . . .        i - +0 short sword
rCold   . . .        (no shield)
rNeg    . . .        a - +0 robe
rPois   .            (helmet restricted)
rElec   .            c - +0 cloak
rCorr   .            (no gloves)
SInv    .            (boots unavailable)
Will    .....        (no amulet)
Stlth   ++           (no ring)
HPRegen 0.21/turn    (no ring)
MPRegen 0.09/turn

%: acrobat
@: no status effects
A: beak, talons 3, acrobatic
a: no special abilities


You were on level 1 of the Dungeon.
You visited 1 branch of the dungeon, and saw 1 of its levels.

You collected 24 gold pieces.

Inventory:

Hand Weapons
 e - a +0 dagger
 f - a +0 sling
 i - a +0 short sword (weapon)
Armour
 a - a +0 robe (worn)
 c - a +0 cloak (worn)
Scrolls
 d - a scroll of teleportation {unknown}
 g - a scroll of revelation {unknown}
Potions
 b - a potion of magic
 h - 2 potions of curing {unknown}


   Skills:
 + Level 2.1 Dodging
 + Level 2.0 Stealth
 + Level 2.0 Spellcasting
 + Level 1.3 Conjurations
 + Level 3.4 Fire Magic


You had 3 spell levels left.
You knew the following spells:

 Your Spells              Type           Power      Damage    Failure   Level
a - Foxfire               Conj/Fire      32%        2x1d5     9%          1

Your spell library contained the following spells:

 Spells                   Type           Power      Damage    Failure   Level
 Scorch                   Fire           22%        2d5       9%          2
 Inner Flame              Hex/Fire       6%         N/A       32%         3
 Volatile Blastmotes      Fire/Tloc      12%        2d11      32%         3
 Flame Wave               Conj/Fire      8%         2d5       63%         4


Dungeon Overview and Level Annotations

Branches:
Dungeon (1/15)

Altars:


Innate Abilities, Weirdness & Mutations

You have a beak for a mouth.
You have claws for feet.
You can magically evade attacks while moving or waiting.


Message History

Press: ? - help, Shift-Dir - straight line, f - kobold
Aim: a kobold, wielding a +0 short sword (asleep, 98% to hit)
You shoot a sling bullet. The sling bullet hits the kobold.
You kill the kobold!
You see here a +0 short sword.
i - a +0 short sword A kobold comes into view.
It is wielding a +0 whip.
A quokka comes into view.
Found 3 stones.
A kobold comes into view. It is wielding a +0 whip.
The kobold shouts!
Fire: f) +0 sling
Press: ? - help, Shift-Dir - straight line, f - quokka
Aim: a quokka (41% to hit)
You shoot a sling bullet. The kobold shouts!
The sling bullet hits the quokka.
The quokka is almost dead.
You shoot a sling bullet.
The sling bullet closely misses the quokka.
The quokka barely misses you.
A dart slug comes into view.
The quokka closely misses you.
i - a +0 short sword (weapon)
The dart slug briefly extends its eye-stalks.
You hit the quokka. You claw the quokka, but do no damage.
The quokka is almost dead.
The quokka bites you. The kobold hits you but does no damage.
You hit the quokka but do no damage.
The quokka is almost dead.
The quokka closely misses you. The kobold hits you but does no damage.
The kobold barely misses you. The quokka closely misses you.
You hit the quokka.
You kill the quokka!
The kobold hits you with a +0 whip.
Ouch! That really hurt!
* * * LOW HITPOINT WARNING * * *
The kobold hits you with a +0 whip.
Ouch! That really hurt!
You die...

###############
######..........@..#
#......########K.K.#
#.###### #....# #.#
........ #.#
.....w.... #.#
#..(....##.# #.#
.......... . #.#
###.....### #.#


You could see a dart slug and 2 kobolds.

Vanquished Creatures
  A quokka (D:1)
  A kobold (D:1)
  2 rats (D:1)
4 creatures vanquished.

Notes
Turn   | Place    | Note
-------+----------+-------------------------------------------
     0 | D:1      | FireWizard44 the Tengu Fire Elementalist began the quest
                  | for the Orb.
     0 | D:1      | Reached XP level 1. HP: 10/10 MP: 4/4
   138 | D:1      | Slain by a kobold

Illustrated notes

Levels and vault maps discovered:
D:1:      zelgadis_glass_arrival_small, layout_loops_ring, minmay_hexomino_u4

Action                     || total
---------------------------++-------
  Melee: Short sword       ||     3
         Dagger            ||     2
         Kick              ||     1
   Fire: Sling             ||     3
 Armour: Robe              ||     5
  Dodge: Dodged            ||     6

Table legend: (Time is in decaauts)
 A = Elapsed time spent in this place.
 B = Non-inter-level travel time spent in this place.
 C = Inter-level travel time spent in this place.
 D = Time resting spent in this place.
 E = Time spent auto-exploring this place.
 F = Levels seen in this place.
 G = Mean time per level.
                   A        B        C        D        E       F      G
               +--------+--------+--------+--------+--------+-----+--------+
         Total |    137 |    137 |      0 |      0 |      0 |   1 |  137.0 |
       Dungeon |    137 |    137 |      0 |      0 |      0 |   1 |  137.0 |
               +--------+--------+--------+--------+--------+-----+--------+

Top non-repeatable levels by time:
     D:1: 137 daAuts
